 Dungeon Crawl Stone Soup version 0.27.1-37-g7b29ead8ac (webtiles) character file.

Game seed: 2866908600105742510

225 AarnesTheHuman the Shield-Bearer (level 6, -1/49 HPs)
             Began as a Formicid Fighter on June 6, 2023.
             Was a Follower of Yredelemnul.
             Slain by Blork the orc (10 damage)
             ... on level 4 of the Dungeon.
             The game lasted 00:04:09 (3652 turns).

AarnesTheHuman the Shield-Bearer (Formicid Fighter) Turns: 3652, Time: 00:04:11

Health: -1/49      AC: 12    Str: 23    XL:     6   Next: 21%
Magic:  6/6        EV:  5    Int:  7    God:    Yredelemnul [*.....]
Gold:   105        SH: 10    Dex: 10    Spells: 5/5 levels left

rFire    . . .     SeeInvis +   a - +0 trident
rCold    . . .     Faith    .   c - +0 kite shield
rNeg     . . .     Spirit   .   n - +0 plate armour
rPois    .         Reflect  .   (helmet unavailable)
rElec    .         Harm     .   (no cloak)
rCorr    .         Rampage  .   (no gloves)
Will     .....                  (no boots)
Stlth    ..........             (no amulet)
HPRegen  0.16/turn              (no ring)
MPRegen  0.10/turn              (no ring)

@: no status effects
A: permanent stasis, dig shafts and tunnels, antennae 3, four strong arms
a: Dig, Shaft Self, Renounce Religion, Animate Remains


You were on level 4 of the Dungeon.
You worshipped Yredelemnul.
Yredelemnul was aware of your devotion.
You visited 1 branch of the dungeon, and saw 4 of its levels.

You collected 105 gold pieces.

Inventory:

Hand Weapons
 a - a +0 trident (weapon)
 l - a +1 hand axe of freezing
 m - a +2 dagger of flaming
Missiles
 k - 24 sling bullets
 q - 42 stones
Armour
 b - a +0 scale mail
 c - a +0 kite shield (worn)
 i - a +0 chain mail
 n - a +0 plate armour (worn)
Scrolls
 h - 2 scrolls of teleportation
 j - a scroll of magic mapping
 o - a scroll of torment
Potions
 d - 2 potions of might
 f - 2 potions of curing
 r - a potion of ambrosia {unknown}
 t - a potion of heal wounds {unknown}


   Skills:
 + Level 4.5 Fighting
 + Level 3.4 Polearms
 + Level 4.5 Armour
 + Level 4.9 Shields


You had 5 spell levels left.
You didn't know any spells.
Your spell library contained the following spells:

 Spells                   Type           Power      Damage    Failure   Level
 Ensorcelled Hibernation  Hex/Ice        0%         N/A       100%        2
 Spider Form              Tmut/Pois      0%         N/A       100%        3
 Shadow Creatures         Summ           N/A        N/A       100%        6


Dungeon Overview and Level Annotations

Branches:
Dungeon (4/15)
 Temple: D:4-7

Altars:
Vehumet
Xom
Yredelemnul

Annotations:
D:4 Blork the orc


Innate Abilities, Weirdness & Mutations

You cannot be hasted, slowed, berserked, paralysed or teleported.
You can dig through walls and to a lower floor.
You have a pair of large antennae on your head. (SInv)
Your four strong arms can wield two-handed weapons with a shield.


Message History

Blork the orc barely misses you.
You hit Blork the orc.
Blork the orc is lightly wounded.
You block Blork the orc's attack.
You barely miss Blork the orc.
Blork the orc is lightly wounded.
Blork the orc completely misses you.
You hit Blork the orc but do no damage.
Blork the orc is lightly wounded.
Blork the orc completely misses you. You block Blork the orc's attack.
You closely miss Blork the orc.
Blork the orc is lightly wounded.
Blork the orc hits you with a +0 battleaxe.
You puncture Blork the orc!
Blork the orc is moderately wounded.
Blork the orc looks satisfied for a moment.
Your plate armour prevents you from hitting Blork the orc.
Blork the orc is moderately wounded.
Blork the orc hits you with a +0 battleaxe!
You hit Blork the orc.
Blork the orc is heavily wounded.
Blork the orc hits you with a +0 battleaxe! x2
* * * LOW HITPOINT WARNING * * *
Your plate armour prevents you from hitting Blork the orc.
Blork the orc is heavily wounded.
Blork the orc casts a spell at you. The puff of frost hits you!
* * * LOW HITPOINT WARNING * * *
Okay, then.
You feel better.
Blork the orc miscasts a cantrip.
You puncture Blork the orc!
Blork the orc is severely wounded.
Blork the orc casts a spell.
Blork the orc seems to speed up.
It was a potion of berserk rage.
Your stasis prevents you from going berserk.
Blork the orc hits you with a +0 battleaxe!
You die...
Your body rises from the dead as a mindless zombie.

######...#.......#...,,,,,,,,,
**##.......###......#,..,,,,,,,,,
,..........###......#,,,,,,,,**,,
,..........##...###...,,,,,,,**,,
,..........##.#.######,,**+****,*
,..........##.#......#,>**,*,,,,*
,....####...#.#..###.#****,,,,***
,....* ##.##.#..# *,*******,,* *
*###** #.##.#.@###.##.**,,,,* *
#....#..o......,*,**,* *
######.####.##.**,**,*** #.#
*,,,,,,*,,,,*,, #.#
*,,,,,,******,* #.#
*,****,,,,,,*,* #.#
*,*********,*,* #.#
*,,,,,,,,,,,,,*
#.*************,***


You could see Blork the orc (fast).

Vanquished Creatures
  A phantom (D:4)
  4 gnolls
  4 adders
  2 adder zombies (D:3)
  A worm (D:2)
  4 dart slugs (D:1)
  An orc (D:3)
  5 bats
  7 endoplasms
  5 goblins
  9 hobgoblins
  2 jackals (D:1)
  5 kobolds
  3 quokkas
  A ball python skeleton (D:3)
  A ball python zombie (D:3)
  2 frilled lizards (D:2)
  7 rats
64 creatures vanquished.

Notes
Turn   | Place    | Note
-------+----------+-------------------------------------------
     0 | D:1      | AarnesTheHuman the Formicid Fighter began the quest for the
                  | Orb.
     0 | D:1      | Reached XP level 1. HP: 18/18 MP: 1/1
   277 | D:1      | Reached XP level 2. HP: 13/24 MP: 2/2
   549 | D:1      | Reached XP level 3. HP: 17/29 MP: 3/3
   709 | D:1      | Found a faded altar of an unknown god.
  1570 | D:2      | Reached XP level 4. HP: 37/37 MP: 4/4
  2298 | D:3      | Found a radiant altar of Vehumet.
  2298 | D:3      | Found a basalt altar of Yredelemnul.
  2313 | D:3      | Became a worshipper of Yredelemnul the Dark
  2494 | D:2      | Reached XP level 5. HP: 30/42 MP: 5/5
  3004 | D:3      | Reached * piety under Yredelemnul
  3035 | D:3      | Found a shimmering altar of Xom.
  3428 | D:4      | Noticed a phantom
  3461 | D:4      | Killed a phantom
  3462 | D:4      | Reached XP level 6. HP: 26/49 MP: 6/6
  3631 | D:4      | Noticed Blork the orc
  3649 | D:4      | HP: 2/49 [Blork the orc/puff of frost (10)]
  3652 | D:4      | Slain by Blork the orc

Illustrated notes

Levels and vault maps discovered:
D:1:      dpeg_arrival_three_smaller_balls, layout_basic,
          hellmonk_ecumenical_altar_slurped_away
D:2:      layout_basic
D:3:      layout_basic, jmf_multi_god_temple, mainiacjoe_overflow_brackets,
          serial_undead, serial_undead_f, serial_undead_f, serial_undead_d,
          serial_undead_b
D:4:      minmay_octagon_keep, layout_basic, uniq_blork_the_orc

Skill      XL: |  1  2  3  4  5 |
---------------+----------------+-----
Shields        | 4 |  4.9
Fighting       | 4 |  4.5
Armour         | 4 |  4.5
Polearms       | 3 |  3.4

Action                   |  1- 3 |  4- 6 || total
-------------------------+-------+-------++-------
Melee: Trident           |   102 |   151 ||   253
 Abil: Dig               |       |     1 ||     1
  Use: Scroll            |       |     6 ||     6
       Potion            |       |     2 ||     2
Armor: Scale mail        |    20 |       ||    20
       Chain mail        |     5 |     1 ||     6
       Plate armour      |       |    54 ||    54
Dodge: Dodged            |    24 |    24 ||    48
Block: Kite shield       |    49 |    61 ||   110
